[ AOE2 MATCH · #470732247 ]
UnrankedSaracens vs Hindustanis
[ REPLAY ANALYSIS · EXTRACTED FROM THE RECORDED GAME ]
Feudal
4:44
Castle
10:13
Imperial
17:44
| APM avg | 68.8 |
| APM peak | 270 |
| eAPM avg | 58.7 |
| Villagers / military | 138 / 277 |
Focus
⚔️ 10.8% · 🌾 89.2%
Mameluke ×152 · Camel Scout ×40 · Galley ×35 · Archer ×22 · Mangonel ×16 · Fishing Ship ×11
Feudal
7:53
Castle
12:26
Imperial
20:45
| APM avg | 23.3 |
| APM peak | 75 |
| eAPM avg | 16.6 |
| Villagers / military | 110 / 525 |
Focus
⚔️ 49.8% · 🌾 50.2%
Longboat ×448 · Berserk ×72 · Transport Ship ×4 · Galley ×1
Feudal
7:38
Castle
11:44
Imperial
16:16
| APM avg | 15.1 |
| APM peak | 34 |
| eAPM avg | 11.5 |
| Villagers / military | 144 / 327 |
Focus
⚔️ 45.8% · 🌾 54.2%
Rattan Archer ×308 · Battle Elephant ×19
Feudal
4:08
Castle
8:14
Imperial
14:00
| APM avg | 19.2 |
| APM peak | 47 |
| eAPM avg | 15.1 |
| Villagers / military | 148 / 271 |
Focus
⚔️ 46.5% · 🌾 53.5%
Camel Scout ×130 · Hand Cannoneer ×111 · Ghulam ×12 · Trebuchet (Packed) ×7 · Transport Ship ×7 · Fishing Ship ×7
Feudal
3:16
Castle
8:34
Imperial
15:47
| APM avg | 25.0 |
| APM peak | 57 |
| eAPM avg | 19.7 |
| Villagers / military | 131 / 274 |
Focus
⚔️ 34.6% · 🌾 65.4%
Longbowman ×261 · Trade Cart ×19 · Trebuchet (Packed) ×13
Feudal
5:36
Castle
7:13
Imperial
13:39
| APM avg | 20.1 |
| APM peak | 50 |
| eAPM avg | 13.4 |
| Villagers / military | 192 / 72 |
Focus
⚔️ 25.0% · 🌾 75.0%
Shotel Warrior ×35 · Mangonel ×16 · Archer ×10 · Scorpion ×10 · Monk ×1
Feudal
5:56
Castle
9:12
Imperial
14:37
| APM avg | 20.0 |
| APM peak | 41 |
| eAPM avg | 16.9 |
| Villagers / military | 80 / 1058 |
Focus
⚔️ 56.2% · 🌾 43.8%
Battle Elephant ×977 · Archer ×63 · Fishing Ship ×11 · Trebuchet (Packed) ×8 · Fire Galley ×5 · Galley ×5
Feudal
9:43
Castle
18:50
Imperial
—
| APM avg | 4.3 |
| APM peak | 24 |
| eAPM avg | 3.5 |
| Villagers / military | 23 / 0 |
Focus
⚔️ 15.3% · 🌾 84.7%
Match map
Initial resources + every placement click. Lines = walls · curves = elevation contours. ◆ gold · ⬟ stone · ● berries · ✦ relic · ◌ wall gap
Your base· ✓ Closed at 10:13 · 0t walls · no gate
Kumad's base· ✓ Closed at 12:26 · 0t walls · no gate
Myriad's base· ✓ Closed at 11:44 · 0t walls · no gate
Meursault005's base· ✓ Map-separated
FPS Geo's base· ✓ Map-separated
xxlordtinchoxx's base· ✓ Closed at 7:13 · 28t walls · no gate
noshoes's base· ✓ Map-separated
Majorian's base· ✓ Closed at 18:50 · 20t walls · no gate
Smoothed initial terrain · ◌ = detected wall gap · hover for details
Inputs per minute
— Bean goose - - Kumad
Build order — Bean goose
First 150 of 461 actions detected
| 0:03 | Create | Villager (Male) |
| 0:04 | Create | Villager (Male) |
| 0:05 | Build | House |
| 0:06 | Build | House |
| 0:15 | Build | Dock |
| 0:17 | Create | Villager (Male) |
| 0:33 | Create | Villager (Male) |
| 1:18 | Build | Lumber Camp |
| 1:19 | Create | Villager (Male) |
| 1:37 | Create | Villager (Male) |
| 1:51 | Create | Villager (Male) |
| 1:55 | Build | House |
| 2:12 | Build | House |
| 2:15 | Research | Feudal Age |
| 2:42 | Build | Mill |
| 3:55 | Create | Villager (Male) |
| 4:14 | Build | Dock |
| 4:17 | Create | Villager (Male) |
| 4:44 | Age | Feudal Age |
| 4:45 | Build | Market |
| 4:46 | Build | Blacksmith |
| 4:55 | Research | Wheelbarrow |
| 5:02 | Create | Fishing Ship |
| 5:07 | Research | Tech 906 |
| 5:12 | Create | Villager (Male) |
| 5:13 | Create | Villager (Male) |
| 5:15 | Research | Double-Bit Axe |
| 5:37 | Build | Barracks |
| 5:56 | Create | Villager (Male) |
| 6:13 | Build | House |
| 6:25 | Create | Villager (Male) |
| 6:44 | Build | Barracks |
| 6:48 | Build | Archery Range |
| 7:08 | Create | Villager (Male) |
| 7:20 | Build | Dock |
| 7:21 | Research | Castle Age |
| 7:31 | Build | Dock |
| 7:34 | Build | Dock |
| 7:35 | Build | Dock |
| 7:42 | Build | Dock |
| 7:47 | Create | Villager (Male) |
| 7:51 | Build | House |
| 7:52 | Build | House |
| 8:51 | Build | Stable |
| 8:52 | Build | Stable |
| 8:52 | Build | Stable |
| 9:31 | Build | Dock |
| 10:04 | Build | Mining Camp |
| 10:13 | Age | Castle Age |
| 10:30 | Build | Town Center |
| 10:32 | Create | Villager (Male) |
| 10:32 | Create | Villager (Male) |
| 10:32 | Create | Villager (Male) |
| 10:33 | Create | Villager (Male) |
| 12:26 | Build | Stable |
| 12:27 | Build | Stable |
| 12:28 | Create | Villager (Male) |
| 12:29 | Create | Villager (Male) |
| 12:29 | Create | Villager (Male) |
| 12:29 | Create | Villager (Male) |
| 12:30 | Create | Villager (Male) |
| 12:30 | Create | Villager (Male) |
| 12:45 | Build | Siege Workshop |
| 12:46 | Create | Villager (Male) |
| 12:46 | Create | Villager (Male) |
| 13:00 | Research | Gillnets |
| 13:02 | Create | Fishing Ship |
| 13:02 | Research | Bow Saw |
| 13:04 | Create | Villager (Male) |
| 13:04 | Create | Villager (Male) |
| 13:05 | Create | Villager (Male) |
| 13:06 | Create | Villager (Male) |
| 13:08 | Create | Villager (Male) |
| 13:08 | Create | Villager (Male) |
| 13:09 | Create | Villager (Male) |
| 13:27 | Build | Monastery |
| 13:27 | Create | Villager (Male) |
| 13:31 | Create | Fishing Ship |
| 13:39 | Research | Hand Cart |
| 13:40 | Research | Loom |
| 13:45 | Research | Husbandry |
| 13:46 | Research | Bloodlines |
| 13:53 | Create | Villager (Male) |
| 13:53 | Create | Villager (Male) |
| 13:54 | Create | Villager (Male) |
| 13:54 | Create | Villager (Male) |
| 13:54 | Create | Villager (Male) |
| 13:55 | Create | Villager (Male) |
| 13:58 | Create | Villager (Male) |
| 13:59 | Create | Villager (Male) |
| 13:59 | Create | Villager (Male) |
| 14:00 | Create | Villager (Male) |
| 14:03 | Create | Fishing Ship |
| 14:03 | Create | Fishing Ship |
| 14:04 | Create | Fishing Ship |
| 14:12 | Research | Imperial Age |
| 14:17 | Create | Monk |
| 14:20 | Build | House |
| 14:21 | Build | House |
| 14:33 | Build | Castle |
| 14:36 | Create | Villager (Male) |
| 14:36 | Create | Villager (Male) |
| 14:36 | Create | Villager (Male) |
| 14:37 | Create | Villager (Male) |
| 14:37 | Create | Villager (Male) |
| 14:37 | Create | Villager (Male) |
| 14:53 | Create | Fishing Ship |
| 14:53 | Create | Fishing Ship |
| 14:53 | Create | Fishing Ship |
| 14:55 | Research | Forging |
| 14:55 | Research | Scale Barding Armor |
| 14:58 | Build | Mining Camp |
| 14:58 | Create | Villager (Male) |
| 14:59 | Create | Villager (Male) |
| 14:59 | Create | Villager (Male) |
| 14:59 | Create | Villager (Male) |
| 15:00 | Create | Villager (Male) |
| 15:02 | Create | Villager (Male) |
| 15:02 | Create | Villager (Male) |
| 15:02 | Create | Villager (Male) |
| 15:16 | Build | Town Center |
| 15:17 | Create | Villager (Male) |
| 15:36 | Create | Fishing Ship |
| 15:37 | Create | Villager (Male) |
| 15:37 | Create | Villager (Male) |
| 15:37 | Create | Villager (Male) |
| 15:38 | Create | Villager (Male) |
| 15:43 | Build | House |
| 15:44 | Build | House |
| 15:45 | Build | House |
| 15:45 | Build | House |
| 15:49 | Build | House |
| 16:06 | Create | Villager (Male) |
| 16:06 | Create | Villager (Male) |
| 16:16 | Build | University |
| 16:17 | Create | Villager (Male) |
| 16:18 | Create | Villager (Male) |
| 16:18 | Create | Villager (Male) |
| 16:18 | Create | Villager (Male) |
| 16:24 | Build | Mining Camp |
| 16:26 | Create | Villager (Male) |
| 16:28 | Build | House |
| 16:29 | Build | House |
| 16:29 | Build | House |
| 16:29 | Build | House |
| 16:35 | Research | Chain Barding Armor |
| 16:36 | Research | Iron Casting |
| 17:06 | Research | Tech 28 |
| 17:08 | Create | Mameluke |
| 17:11 | Build | Mining Camp |
Build order — Kumad
First 150 of 395 actions detected
| 0:02 | Create | Villager (Male) |
| 0:02 | Create | Villager (Male) |
| 0:07 | Build | Barracks |
| 0:09 | Build | House |
| 0:12 | Create | Villager (Male) |
| 0:12 | Create | Villager (Male) |
| 0:12 | Research | Loom |
| 0:55 | Create | Villager (Male) |
| 1:04 | Create | Villager (Male) |
| 1:47 | Create | Villager (Male) |
| 2:11 | Create | Villager (Male) |
| 2:17 | Build | House |
| 2:18 | Build | House |
| 2:19 | Build | House |
| 2:21 | Build | House |
| 2:24 | Create | Villager (Male) |
| 3:13 | Create | Villager (Male) |
| 3:19 | Create | Villager (Male) |
| 3:29 | Create | Villager (Male) |
| 3:37 | Build | Lumber Camp |
| 3:38 | Create | Villager (Male) |
| 3:47 | Create | Villager (Male) |
| 4:18 | Build | Dock |
| 4:23 | Build | Dock |
| 4:29 | Build | Dock |
| 4:31 | Build | Dock |
| 4:33 | Build | Dock |
| 4:34 | Build | Dock |
| 4:36 | Build | Dock |
| 4:39 | Create | Villager (Male) |
| 5:41 | Research | Feudal Age |
| 6:08 | Build | Dock |
| 6:16 | Build | Dock |
| 6:17 | Build | Dock |
| 6:18 | Create | Villager (Male) |
| 6:34 | Create | Villager (Male) |
| 7:22 | Create | Villager (Male) |
| 7:29 | Create | Villager (Male) |
| 7:53 | Age | Feudal Age |
| 8:15 | Create | Villager (Male) |
| 8:27 | Create | Villager (Male) |
| 8:33 | Build | Blacksmith |
| 8:40 | Build | Mill |
| 9:12 | Build | Market |
| 9:46 | Research | Castle Age |
| 9:52 | Build | Lumber Camp |
| 9:53 | Create | Villager (Male) |
| 10:25 | Create | Villager (Male) |
| 10:52 | Create | Villager (Male) |
| 11:05 | Build | Mining Camp |
| 11:53 | Create | Villager (Male) |
| 12:01 | Create | Villager (Male) |
| 12:20 | Create | Villager (Male) |
| 12:20 | Create | Villager (Male) |
| 12:26 | Age | Castle Age |
| 12:33 | Build | Town Center |
| 12:36 | Build | Town Center |
| 12:38 | Create | Villager (Male) |
| 12:59 | Build | Town Center |
| 13:06 | Build | Town Center |
| 13:22 | Create | Galley |
| 14:12 | Build | University |
| 14:17 | Create | Villager (Male) |
| 14:17 | Create | Villager (Male) |
| 14:25 | Create | Villager (Male) |
| 14:44 | Create | Longboat |
| 14:44 | Create | Longboat |
| 14:44 | Create | Longboat |
| 14:44 | Create | Longboat |
| 14:45 | Create | Longboat |
| 14:45 | Create | Longboat |
| 14:45 | Create | Longboat |
| 14:45 | Create | Longboat |
| 14:50 | Create | Villager (Male) |
| 14:55 | Create | Villager (Male) |
| 14:56 | Create | Villager (Male) |
| 14:57 | Build | House |
| 14:58 | Build | House |
| 14:59 | Build | House |
| 15:00 | Build | House |
| 15:01 | Build | House |
| 15:01 | Build | House |
| 15:02 | Build | House |
| 15:03 | Build | House |
| 15:04 | Build | House |
| 15:43 | Create | Transport Ship |
| 15:51 | Create | Villager (Male) |
| 16:19 | Research | Double-Bit Axe |
| 16:25 | Build | Monastery |
| 17:11 | Build | House |
| 17:27 | Build | Stone Wall |
| 17:32 | Build | Stone Wall |
| 17:35 | Research | Imperial Age |
| 17:45 | Build | Stone Wall |
| 17:54 | Build | Dock |
| 18:20 | Create | Villager (Male) |
| 18:20 | Create | Villager (Male) |
| 18:22 | Create | Longboat ×5 |
| 18:22 | Create | Longboat ×5 |
| 18:22 | Create | Longboat ×5 |
| 18:47 | Build | Dock |
| 18:53 | Build | Dock |
| 19:07 | Create | Villager (Male) |
| 19:07 | Create | Villager (Male) |
| 19:08 | Create | Villager (Male) |
| 19:08 | Create | Villager (Male) |
| 19:08 | Create | Villager (Male) |
| 19:18 | Create | Longboat |
| 19:18 | Create | Longboat |
| 19:23 | Create | Villager (Male) |
| 19:25 | Create | Villager (Male) |
| 19:25 | Create | Villager (Male) |
| 19:25 | Create | Villager (Male) |
| 20:00 | Create | Longboat ×5 |
| 20:00 | Create | Longboat ×5 |
| 20:00 | Create | Longboat ×5 |
| 20:01 | Create | Longboat ×5 |
| 20:01 | Create | Longboat ×5 |
| 20:01 | Create | Longboat ×5 |
| 20:01 | Create | Longboat ×5 |
| 20:01 | Create | Longboat ×5 |
| 20:02 | Create | Longboat ×5 |
| 20:08 | Create | Longboat ×5 |
| 20:08 | Create | Longboat ×5 |
| 20:08 | Create | Longboat ×5 |
| 20:08 | Create | Longboat ×5 |
| 20:23 | Create | Villager (Male) |
| 20:28 | Build | Stone Wall |
| 20:29 | Build | Stone Wall |
| 20:31 | Build | Stone Wall |
| 20:34 | Create | Villager (Male) |
| 20:45 | Age | Imperial Age |
| 20:49 | Research | Elite Longboat (upgrade) |
| 20:52 | Research | Fletching |
| 20:59 | Create | Longboat ×5 |
| 21:00 | Create | Longboat ×5 |
| 21:00 | Create | Longboat ×5 |
| 21:00 | Create | Longboat ×5 |
| 21:00 | Create | Longboat ×5 |
| 21:01 | Create | Longboat ×5 |
| 21:01 | Create | Longboat ×5 |
| 21:20 | Build | Dock |
| 21:32 | Create | Villager (Male) |
| 21:40 | Build | Barracks |
| 21:41 | Build | Barracks |
| 21:42 | Build | Barracks |
| 22:22 | Build | House |
| 22:23 | Build | House |
| 22:24 | Build | House |
| 22:25 | Build | House |
Build order — Myriad
First 150 of 258 actions detected
| 0:02 | Create | Villager (Male) ×4 |
| 0:02 | Create | Villager (Male) ×4 |
| 0:07 | Build | Barracks |
| 0:08 | Build | House |
| 0:51 | Create | Villager (Male) |
| 1:09 | Create | Villager (Male) |
| 2:02 | Build | House |
| 2:03 | Build | House |
| 2:04 | Build | House |
| 2:45 | Build | Lumber Camp |
| 2:47 | Create | Villager (Male) |
| 2:50 | Create | Villager (Male) |
| 3:23 | Create | Villager (Male) |
| 3:40 | Create | Villager (Male) |
| 4:33 | Create | Villager (Male) |
| 4:33 | Create | Villager (Male) |
| 4:43 | Build | Dock |
| 4:47 | Build | Dock |
| 5:02 | Build | Dock |
| 5:07 | Build | Dock |
| 5:28 | Research | Feudal Age |
| 6:09 | Build | Lumber Camp |
| 6:12 | Research | Loom |
| 6:46 | Build | Mining Camp |
| 7:38 | Age | Feudal Age |
| 7:51 | Build | Blacksmith |
| 7:56 | Build | Mill |
| 8:01 | Research | Double-Bit Axe |
| 8:24 | Build | Market |
| 8:27 | Create | Villager (Male) |
| 8:31 | Research | Wheelbarrow |
| 8:32 | Create | Villager (Male) ×5 |
| 9:04 | Research | Castle Age |
| 10:01 | Build | Dock |
| 10:04 | Build | Dock |
| 10:07 | Build | Dock |
| 10:17 | Build | Dock |
| 10:18 | Build | Dock |
| 10:23 | Build | Dock |
| 10:24 | Build | Dock |
| 10:27 | Build | Dock |
| 11:15 | Build | Mining Camp |
| 11:44 | Age | Castle Age |
| 11:49 | Research | Hand Cart |
| 11:50 | Create | Villager (Male) ×5 |
| 12:00 | Build | University |
| 12:03 | Build | Monastery |
| 12:26 | Build | Town Center |
| 12:49 | Research | Imperial Age |
| 12:55 | Research | Town Watch |
| 12:56 | Create | Villager (Male) |
| 12:57 | Create | Villager (Male) |
| 13:29 | Build | Town Center |
| 13:40 | Build | Dock |
| 13:42 | Build | Dock |
| 13:43 | Build | Dock |
| 13:50 | Create | Villager (Male) ×5 |
| 14:10 | Build | Dock |
| 14:12 | Build | Dock |
| 14:17 | Create | Villager (Male) ×5 |
| 15:40 | Build | Town Center |
| 15:54 | Create | Villager (Male) ×5 |
| 16:04 | Build | Barracks |
| 16:16 | Age | Imperial Age |
| 16:29 | Create | Villager (Male) ×5 |
| 16:30 | Create | Villager (Male) ×5 |
| 16:39 | Build | Castle |
| 16:46 | Create | Villager (Male) ×5 |
| 17:21 | Create | Villager (Male) ×5 |
| 17:43 | Research | Treadmill Crane |
| 17:47 | Research | Chemistry |
| 17:53 | Create | Villager (Male) ×5 |
| 17:54 | Create | Villager (Male) ×5 |
| 18:03 | Build | Mining Camp |
| 18:06 | Research | Gold Mining |
| 18:07 | Research | Stone Mining |
| 18:43 | Research | Ballistics |
| 18:48 | Build | House |
| 18:49 | Build | House |
| 19:04 | Build | House |
| 19:05 | Build | House |
| 19:09 | Research | Conscription |
| 19:28 | Research | Guilds |
| 19:40 | Research | Paper Money |
| 19:43 | Create | Villager (Male) ×5 |
| 20:27 | Build | Gate |
| 20:35 | Build | Stone Wall |
| 21:23 | Build | Castle |
| 21:34 | Research | Fortified Wall (upgrade) |
| 21:48 | Build | Barracks |
| 21:51 | Build | Archery Range |
| 21:57 | Research | Fletching |
| 22:10 | Research | Tech 621 |
| 22:18 | Create | Rattan Archer ×5 |
| 22:21 | Create | Villager (Male) ×5 |
| 22:22 | Create | Villager (Male) ×5 |
| 22:32 | Build | Dock |
| 22:33 | Build | Dock |
| 22:35 | Build | Dock |
| 22:36 | Build | Dock |
| 22:39 | Build | Dock |
| 22:42 | Create | Rattan Archer ×5 |
| 22:43 | Create | Rattan Archer ×5 |
| 22:43 | Create | Rattan Archer ×5 |
| 22:51 | Build | Gate |
| 23:04 | Research | Bodkin Arrow |
| 23:05 | Research | Padded Archer Armor |
| 23:44 | Build | Stone Wall |
| 23:46 | Create | Rattan Archer ×5 |
| 24:06 | Build | Castle |
| 24:14 | Create | Villager (Male) ×5 |
| 24:16 | Build | House |
| 24:17 | Build | House |
| 24:18 | Build | House |
| 24:19 | Build | House |
| 24:21 | Build | House |
| 24:21 | Build | House |
| 24:23 | Build | House |
| 24:24 | Build | House |
| 24:29 | Research | Thumb Ring |
| 24:32 | Create | Rattan Archer ×5 |
| 24:53 | Create | Rattan Archer ×5 |
| 24:54 | Create | Rattan Archer ×5 |
| 25:16 | Create | Rattan Archer ×5 |
| 25:16 | Create | Rattan Archer ×3 |
| 25:44 | Create | Rattan Archer ×5 |
| 25:48 | Create | Rattan Archer ×2 |
| 25:56 | Create | Rattan Archer ×2 |
| 26:13 | Build | Lumber Camp |
| 26:14 | Create | Rattan Archer ×5 |
| 26:24 | Research | Bracer |
| 26:25 | Research | Leather Archer Armor |
| 26:31 | Create | Rattan Archer ×4 |
| 27:02 | Create | Rattan Archer ×5 |
| 27:02 | Create | Rattan Archer ×4 |
| 27:14 | Create | Rattan Archer ×2 |
| 27:30 | Create | Rattan Archer ×5 |
| 27:32 | Create | Rattan Archer |
| 27:44 | Create | Rattan Archer ×5 |
| 28:01 | Create | Villager (Male) ×5 |
| 28:01 | Create | Villager (Male) ×5 |
| 28:05 | Build | House |
| 28:06 | Build | House |
| 28:07 | Build | House |
| 28:08 | Build | House |
| 28:08 | Build | House |
| 28:09 | Build | House |
| 28:10 | Build | House |
| 28:11 | Build | House |
| 28:22 | Build | Mining Camp |
Build order — Meursault005
First 150 of 435 actions detected
| 0:06 | Research | Loom |
| 0:22 | Build | House |
| 0:24 | Build | House |
| 0:37 | Create | Villager (Male) |
| 1:04 | Create | Villager (Male) |
| 1:29 | Create | Villager (Male) |
| 1:39 | Build | Lumber Camp |
| 1:42 | Create | Villager (Male) |
| 1:58 | Create | Villager (Male) |
| 2:42 | Create | Villager (Male) |
| 3:10 | Create | Villager (Male) |
| 3:19 | Build | Mill |
| 3:26 | Create | Villager (Male) |
| 4:03 | Research | Feudal Age |
| 4:08 | Age | Feudal Age |
| 4:12 | Research | Loom |
| 4:13 | Research | Wheelbarrow |
| 4:58 | Research | Double-Bit Axe |
| 5:02 | Create | Villager (Male) |
| 6:10 | Build | Market |
| 6:20 | Create | Villager (Male) |
| 6:29 | Build | House |
| 6:30 | Build | House |
| 6:44 | Create | Villager (Male) |
| 7:21 | Build | Blacksmith |
| 7:30 | Create | Villager (Male) |
| 8:09 | Research | Castle Age |
| 8:14 | Age | Castle Age |
| 8:17 | Create | Villager (Male) |
| 8:22 | Research | Bow Saw |
| 8:43 | Build | Castle |
| 8:51 | Research | Hand Cart |
| 9:26 | Build | Town Center |
| 9:35 | Build | University |
| 9:48 | Build | Town Center |
| 10:01 | Build | Town Center |
| 10:37 | Build | Town Center |
| 10:40 | Create | Villager (Male) |
| 10:40 | Create | Villager (Male) |
| 11:03 | Research | Scale Mail Armor |
| 11:05 | Research | Chain Mail Armor |
| 11:12 | Create | Villager (Male) |
| 11:14 | Create | Villager (Male) ×5 |
| 11:14 | Create | Villager (Male) ×5 |
| 11:14 | Create | Villager (Male) ×5 |
| 11:15 | Create | Villager (Male) ×4 |
| 11:24 | Build | House |
| 11:25 | Build | House |
| 11:26 | Build | House |
| 11:27 | Build | House |
| 11:28 | Build | House |
| 11:30 | Build | House |
| 11:31 | Build | House |
| 11:37 | Research | Grand Trunk Road |
| 11:42 | Build | Mining Camp |
| 11:47 | Create | Villager (Male) |
| 11:47 | Create | Villager (Male) |
| 11:49 | Research | Caravan |
| 12:08 | Create | Trade Cart |
| 12:09 | Create | Trade Cart |
| 12:37 | Create | Villager (Male) |
| 12:38 | Create | Villager (Male) |
| 12:40 | Create | Villager (Male) |
| 12:40 | Create | Villager (Male) |
| 12:46 | Research | Gold Mining |
| 12:53 | Build | Mining Camp |
| 12:55 | Create | Villager (Male) |
| 12:59 | Create | Villager (Male) ×5 |
| 13:00 | Create | Villager (Male) ×5 |
| 13:00 | Create | Villager (Male) ×5 |
| 13:01 | Create | Villager (Male) ×5 |
| 13:02 | Create | Villager (Male) ×5 |
| 13:02 | Create | Villager (Male) ×5 |
| 13:03 | Create | Villager (Male) |
| 13:03 | Create | Villager (Male) |
| 13:22 | Build | Barracks |
| 13:44 | Research | Imperial Age |
| 13:58 | Build | Town Center |
| 14:00 | Age | Imperial Age |
| 14:02 | Build | Monastery |
| 14:08 | Create | Villager (Male) ×5 |
| 14:08 | Create | Villager (Male) ×5 |
| 14:08 | Create | Villager (Male) ×5 |
| 14:09 | Create | Villager (Male) ×5 |
| 14:10 | Create | Villager (Male) |
| 14:10 | Create | Villager (Male) |
| 14:11 | Create | Villager (Male) |
| 14:16 | Create | Trade Cart |
| 14:16 | Create | Trade Cart |
| 14:27 | Build | Stable |
| 14:30 | Create | Villager (Male) |
| 14:31 | Create | Villager (Male) |
| 14:31 | Create | Villager (Male) |
| 14:31 | Create | Villager (Male) |
| 15:02 | Research | Shatagni |
| 15:10 | Build | Farm |
| 15:15 | Build | Farm |
| 15:16 | Build | Farm |
| 15:18 | Build | Farm |
| 15:26 | Build | Farm |
| 15:30 | Build | Farm |
| 15:34 | Build | Farm |
| 15:37 | Build | Farm |
| 15:40 | Build | Farm |
| 15:44 | Build | Farm |
| 15:48 | Build | Farm |
| 15:49 | Create | Villager (Male) |
| 15:49 | Create | Villager (Male) |
| 15:49 | Create | Villager (Male) |
| 15:49 | Create | Villager (Male) |
| 15:50 | Create | Villager (Male) |
| 15:50 | Create | Villager (Male) |
| 15:50 | Create | Villager (Male) |
| 15:57 | Create | Monk |
| 16:03 | Build | Farm |
| 16:03 | Build | Farm |
| 16:04 | Build | Farm |
| 16:04 | Build | Farm |
| 16:19 | Build | Lumber Camp |
| 16:24 | Build | Farm |
| 16:32 | Create | Villager (Male) |
| 16:32 | Create | Villager (Male) |
| 16:33 | Create | Villager (Male) |
| 16:49 | Create | Trade Cart |
| 17:16 | Create | Camel Scout |
| 17:16 | Create | Camel Scout |
| 17:17 | Create | Camel Scout |
| 17:17 | Create | Camel Scout |
| 17:30 | Research | Ballistics |
| 17:37 | Build | Farm |
| 17:45 | Build | Farm |
| 17:57 | Build | Farm |
| 17:59 | Create | Villager (Male) ×5 |
| 17:59 | Create | Villager (Male) ×5 |
| 18:00 | Create | Villager (Male) ×5 |
| 18:00 | Create | Villager (Male) ×5 |
| 18:00 | Create | Villager (Male) ×5 |
| 18:19 | Build | Caravanserai |
| 18:21 | Research | Conscription |
| 18:23 | Create | Villager (Male) |
| 18:23 | Create | Villager (Male) |
| 18:29 | Research | Pikeman (upgrade) |
| 18:37 | Research | Chemistry |
| 18:45 | Research | Gold Shaft Mining |
| 18:55 | Build | Archery Range |
| 18:56 | Build | Archery Range |
| 18:59 | Build | Archery Range |
| 19:06 | Build | Farm |
| 19:08 | Create | Villager (Male) |
| 19:08 | Create | Villager (Male) |
Build order — FPS Geo
First 150 of 379 actions detected
| 0:03 | Create | Villager (Male) |
| 0:04 | Build | House |
| 0:07 | Build | House |
| 0:08 | Create | Villager (Male) |
| 0:08 | Create | Villager (Male) |
| 0:09 | Create | Villager (Male) |
| 0:09 | Create | Villager (Male) |
| 0:09 | Create | Villager (Male) |
| 0:10 | Create | Villager (Male) |
| 0:15 | Create | Villager (Male) |
| 0:15 | Create | Villager (Male) |
| 0:15 | Create | Villager (Male) |
| 0:20 | Create | Villager (Male) |
| 0:20 | Create | Villager (Male) |
| 0:34 | Create | Villager (Male) |
| 0:35 | Create | Villager (Male) |
| 0:57 | Build | Lumber Camp |
| 1:05 | Create | Villager (Male) |
| 2:34 | Build | Mill |
| 3:05 | Create | Villager (Male) |
| 3:11 | Research | Feudal Age |
| 3:11 | Create | Villager (Male) |
| 3:16 | Age | Feudal Age |
| 3:36 | Create | Villager (Male) |
| 3:43 | Create | Villager (Male) |
| 3:52 | Build | House |
| 4:25 | Create | Villager (Male) |
| 4:51 | Build | Mining Camp |
| 4:52 | Create | Villager (Male) |
| 5:06 | Create | Villager (Male) |
| 5:47 | Create | Villager (Male) |
| 5:55 | Research | Wheelbarrow |
| 5:59 | Create | Villager (Male) |
| 6:33 | Create | Villager (Male) |
| 6:36 | Build | Blacksmith |
| 6:57 | Create | Villager (Male) |
| 7:08 | Build | House |
| 7:19 | Build | House |
| 7:55 | Build | Market |
| 8:00 | Create | Villager (Male) |
| 8:06 | Research | Double-Bit Axe |
| 8:29 | Research | Castle Age |
| 8:34 | Age | Castle Age |
| 8:42 | Create | Villager (Male) |
| 8:43 | Research | Wheelbarrow |
| 9:08 | Create | Villager (Male) |
| 9:23 | Build | Town Center |
| 9:58 | Build | Barracks |
| 10:02 | Create | Villager (Male) |
| 10:07 | Research | Gold Mining |
| 10:27 | Build | Town Center |
| 10:31 | Create | Villager (Male) |
| 10:58 | Build | University |
| 11:28 | Research | Town Watch |
| 11:37 | Create | Villager (Male) |
| 11:37 | Create | Villager (Male) |
| 11:39 | Create | Villager (Male) |
| 11:39 | Create | Villager (Male) |
| 11:57 | Create | Villager (Male) |
| 12:01 | Research | Bow Saw |
| 12:08 | Create | Villager (Male) |
| 12:08 | Create | Villager (Male) |
| 12:34 | Build | Siege Workshop |
| 12:36 | Create | Villager (Male) |
| 12:37 | Create | Villager (Male) |
| 12:37 | Create | Villager (Male) |
| 12:47 | Research | Hand Cart |
| 12:53 | Create | Villager (Male) |
| 12:54 | Create | Villager (Male) |
| 12:54 | Create | Villager (Male) |
| 12:54 | Create | Villager (Male) |
| 12:55 | Create | Villager (Male) |
| 13:06 | Build | Town Center |
| 13:14 | Create | Villager (Male) |
| 13:15 | Create | Villager (Male) |
| 13:15 | Create | Villager (Male) |
| 13:15 | Create | Villager (Male) |
| 13:18 | Create | Villager (Male) |
| 13:19 | Create | Villager (Male) |
| 13:19 | Create | Villager (Male) |
| 13:25 | Create | Villager (Male) |
| 13:25 | Create | Villager (Male) |
| 13:32 | Research | Imperial Age |
| 13:52 | Build | Castle |
| 14:06 | Create | Villager (Male) |
| 14:07 | Create | Villager (Male) |
| 15:47 | Age | Imperial Age |
| 18:40 | Research | Warwolf |
| 18:40 | Research | Warwolf |
| 18:41 | Research | Warwolf |
| 18:41 | Research | Warwolf |
| 18:41 | Research | Warwolf |
| 18:41 | Research | Warwolf |
| 18:41 | Research | Warwolf |
| 18:42 | Research | Warwolf |
| 18:42 | Research | Warwolf |
| 18:42 | Research | Warwolf |
| 18:43 | Research | Warwolf |
| 18:44 | Research | Warwolf |
| 18:44 | Research | Warwolf |
| 18:44 | Research | Warwolf |
| 18:44 | Research | Warwolf |
| 18:45 | Research | Warwolf |
| 18:45 | Research | Warwolf |
| 18:45 | Research | Warwolf |
| 18:45 | Research | Warwolf |
| 18:45 | Research | Warwolf |
| 18:45 | Research | Warwolf |
| 18:45 | Research | Warwolf |
| 18:46 | Research | Warwolf |
| 18:46 | Research | Warwolf |
| 18:46 | Research | Warwolf |
| 18:46 | Research | Warwolf |
| 18:51 | Research | Warwolf |
| 18:51 | Research | Warwolf |
| 18:52 | Research | Warwolf |
| 18:52 | Research | Warwolf |
| 18:52 | Research | Warwolf |
| 18:53 | Research | Warwolf |
| 18:53 | Research | Warwolf |
| 18:53 | Research | Warwolf |
| 18:53 | Research | Warwolf |
| 18:53 | Research | Warwolf |
| 18:54 | Research | Warwolf |
| 18:54 | Research | Warwolf |
| 18:55 | Research | Warwolf |
| 18:55 | Research | Warwolf |
| 18:55 | Research | Warwolf |
| 18:55 | Research | Warwolf |
| 18:56 | Research | Warwolf |
| 18:56 | Research | Warwolf |
| 18:56 | Research | Warwolf |
| 18:56 | Research | Warwolf |
| 18:57 | Research | Warwolf |
| 18:57 | Research | Warwolf |
| 18:58 | Research | Warwolf |
| 18:58 | Research | Warwolf |
| 19:00 | Research | Conscription |
| 19:00 | Research | Conscription |
| 19:01 | Research | Conscription |
| 19:01 | Research | Conscription |
| 19:02 | Research | Yeomen |
| 19:02 | Research | Yeomen |
| 19:02 | Research | Yeomen |
| 19:03 | Research | Yeomen |
| 19:03 | Research | Yeomen |
| 19:13 | Build | Castle |
| 19:16 | Research | Siege Engineers |
| 19:19 | Research | Chemistry |
| 19:20 | Research | Chemistry |
Build order — xxlordtinchoxx
First 150 of 331 actions detected
| 0:02 | Create | Villager (Male) |
| 0:02 | Create | Villager (Male) |
| 0:03 | Build | House |
| 0:06 | Build | House |
| 0:16 | Create | Villager (Male) |
| 0:16 | Create | Villager (Male) |
| 1:00 | Create | Villager (Male) |
| 1:00 | Create | Villager (Male) |
| 1:08 | Build | Lumber Camp |
| 1:29 | Build | Palisade Wall |
| 2:05 | Build | Palisade Wall |
| 2:07 | Build | Palisade Wall |
| 2:08 | Build | Palisade Wall |
| 2:17 | Create | Villager (Male) |
| 2:28 | Create | Villager (Male) |
| 2:29 | Create | Villager (Male) |
| 2:30 | Create | Villager (Male) |
| 2:52 | Research | Loom |
| 2:53 | Create | Villager (Male) |
| 3:11 | Build | House |
| 3:13 | Build | House |
| 3:31 | Create | Villager (Male) |
| 4:27 | Build | Mill |
| 5:31 | Research | Feudal Age |
| 5:36 | Age | Feudal Age |
| 5:41 | Create | Villager (Male) |
| 5:42 | Create | Villager (Male) |
| 5:55 | Build | Blacksmith |
| 6:30 | Build | Market |
| 6:35 | Create | Villager (Male) |
| 6:57 | Build | Stone Wall |
| 6:59 | Build | Stone Wall |
| 7:04 | Build | Stone Wall |
| 7:08 | Research | Castle Age |
| 7:13 | Age | Castle Age |
| 7:13 | Research | Double-Bit Axe |
| 7:28 | Build | Stone Wall |
| 7:29 | Build | Stone Wall |
| 7:31 | Build | Stone Wall |
| 7:39 | Research | Bow Saw |
| 7:43 | Create | Villager (Male) |
| 7:43 | Create | Villager (Male) |
| 8:00 | Build | Barracks |
| 8:11 | Create | Villager (Male) |
| 8:25 | Create | Villager (Male) |
| 8:29 | Research | Fletching |
| 8:34 | Research | Padded Archer Armor |
| 8:43 | Build | Archery Range |
| 8:59 | Create | Villager (Male) |
| 9:01 | Build | House |
| 9:02 | Build | House |
| 9:21 | Build | Mining Camp |
| 9:38 | Create | Villager (Male) |
| 9:52 | Build | Town Center |
| 10:04 | Research | Wheelbarrow |
| 10:05 | Create | Villager (Male) |
| 10:05 | Create | Villager (Male) |
| 10:24 | Research | Crossbowman (upgrade) |
| 10:28 | Research | Thumb Ring |
| 10:52 | Create | Archer ×5 |
| 10:54 | Create | Archer ×5 |
| 10:59 | Create | Villager (Male) |
| 11:05 | Create | Villager (Male) ×5 |
| 11:10 | Build | Farm |
| 11:11 | Build | Farm |
| 11:15 | Build | Farm |
| 11:47 | Build | Monastery |
| 12:07 | Build | University |
| 12:15 | Build | Stone Wall |
| 12:17 | Build | Stone Wall |
| 12:19 | Build | Stone Wall |
| 12:29 | Create | Villager (Male) |
| 12:30 | Create | Villager (Male) |
| 12:35 | Build | Stone Wall |
| 12:36 | Build | Stone Wall |
| 12:47 | Build | House |
| 12:48 | Build | House |
| 12:49 | Build | House |
| 12:50 | Build | House |
| 12:51 | Build | House |
| 13:19 | Research | Fortified Wall (upgrade) |
| 13:32 | Research | Imperial Age |
| 13:34 | Create | Villager (Male) |
| 13:39 | Age | Imperial Age |
| 13:40 | Create | Villager (Male) ×5 |
| 13:45 | Build | Town Center |
| 14:03 | Build | Farm |
| 14:03 | Build | Farm |
| 14:03 | Build | Farm |
| 14:04 | Build | Farm |
| 14:04 | Build | Farm |
| 14:04 | Build | Farm |
| 14:05 | Build | Farm |
| 14:06 | Build | Farm |
| 14:28 | Build | Farm |
| 14:31 | Build | Gate |
| 14:45 | Create | Villager (Male) |
| 14:46 | Create | Villager (Male) |
| 14:54 | Build | Gate |
| 15:02 | Build | Palisade Gate |
| 15:10 | Research | Hand Cart |
| 15:11 | Create | Villager (Male) ×5 |
| 15:14 | Build | Farm |
| 15:14 | Build | Farm |
| 15:15 | Build | Farm |
| 15:15 | Build | Farm |
| 15:16 | Build | Farm |
| 15:33 | Build | Lumber Camp |
| 15:44 | Create | Villager (Male) ×5 |
| 16:23 | Build | Town Center |
| 16:32 | Research | Arbalester (upgrade) |
| 16:34 | Research | Thumb Ring |
| 16:36 | Research | Bodkin Arrow |
| 16:44 | Create | Villager (Male) ×5 |
| 16:51 | Build | Farm |
| 17:26 | Create | Villager (Male) ×5 |
| 17:45 | Build | Farm |
| 17:45 | Build | Farm |
| 17:59 | Create | Villager (Male) ×5 |
| 18:00 | Create | Villager (Male) ×5 |
| 18:16 | Build | Mining Camp |
| 18:18 | Research | Gold Mining |
| 18:18 | Research | Stone Mining |
| 18:21 | Research | Two-Man Saw |
| 18:24 | Research | Horse Collar |
| 18:32 | Build | House |
| 18:33 | Build | House |
| 18:34 | Build | House |
| 18:34 | Build | House |
| 18:34 | Build | House |
| 18:35 | Build | House |
| 18:35 | Build | House |
| 18:35 | Build | House |
| 18:37 | Build | House |
| 18:37 | Build | House |
| 18:57 | Create | Monk |
| 19:06 | Build | Outpost |
| 19:19 | Research | Town Watch |
| 19:20 | Create | Villager (Male) ×5 |
| 19:24 | Research | Bracer |
| 19:27 | Research | Chemistry |
| 19:29 | Research | Ballistics |
| 19:45 | Create | Villager (Male) ×5 |
| 19:48 | Build | Mill |
| 19:49 | Build | Farm |
| 19:49 | Build | Farm |
| 19:50 | Build | Farm |
| 19:50 | Build | Farm |
| 19:50 | Build | Farm |
| 19:51 | Build | Farm |
Build order — noshoes
First 150 of 506 actions detected
| 0:01 | Create | Villager (Male) |
| 0:02 | Create | Villager (Male) |
| 0:02 | Create | Villager (Male) |
| 0:03 | Build | House |
| 0:04 | Build | House |
| 0:12 | Create | Villager (Male) |
| 0:12 | Create | Villager (Male) |
| 0:12 | Create | Villager (Male) |
| 0:13 | Create | Villager (Male) |
| 0:13 | Create | Villager (Male) |
| 1:08 | Create | Villager (Male) |
| 1:09 | Create | Villager (Male) |
| 1:11 | Build | Lumber Camp |
| 1:13 | Create | Villager (Male) |
| 1:13 | Create | Villager (Male) |
| 1:13 | Create | Villager (Male) |
| 1:43 | Create | Villager (Male) |
| 2:04 | Create | Villager (Male) |
| 3:05 | Build | House |
| 3:28 | Build | House |
| 3:46 | Build | Dock |
| 4:27 | Create | Villager (Male) |
| 4:52 | Build | Mining Camp |
| 5:01 | Research | Feudal Age |
| 5:08 | Create | Villager (Male) |
| 5:09 | Create | Villager (Male) |
| 5:46 | Research | Feudal Age |
| 5:56 | Age | Feudal Age |
| 6:02 | Create | Fishing Ship |
| 6:02 | Create | Fishing Ship |
| 6:11 | Research | Double-Bit Axe |
| 6:12 | Research | Double-Bit Axe |
| 6:16 | Create | Villager (Male) |
| 6:16 | Create | Villager (Male) |
| 6:17 | Create | Villager (Male) |
| 6:17 | Create | Villager (Male) |
| 6:36 | Build | Lumber Camp |
| 7:12 | Build | House |
| 7:42 | Build | Mill |
| 7:47 | Build | Blacksmith |
| 7:54 | Create | Villager (Male) |
| 8:14 | Build | Market |
| 8:21 | Create | Villager (Male) |
| 8:25 | Create | Fishing Ship |
| 8:54 | Build | Barracks |
| 9:00 | Research | Scale Barding Armor |
| 9:02 | Research | Forging |
| 9:07 | Research | Castle Age |
| 9:12 | Age | Castle Age |
| 9:23 | Create | Villager (Male) |
| 9:24 | Create | Villager (Male) |
| 9:24 | Create | Villager (Male) |
| 9:31 | Build | Town Center |
| 9:33 | Research | Bow Saw |
| 9:35 | Create | Villager (Male) |
| 9:38 | Research | Tech 906 |
| 9:39 | Create | Fishing Ship |
| 9:39 | Create | Fishing Ship |
| 9:39 | Create | Fishing Ship |
| 9:52 | Build | Stable |
| 10:03 | Create | Villager (Male) |
| 10:03 | Create | Villager (Male) |
| 10:04 | Create | Villager (Male) |
| 10:17 | Build | House |
| 10:21 | Build | House |
| 10:38 | Build | House |
| 10:39 | Build | House |
| 10:45 | Build | Stable |
| 10:46 | Research | Husbandry |
| 10:54 | Create | Battle Elephant ×5 |
| 10:55 | Create | Battle Elephant ×5 |
| 10:55 | Create | Battle Elephant ×4 |
| 10:57 | Create | Villager (Male) |
| 10:58 | Create | Villager (Male) |
| 10:58 | Create | Villager (Male) |
| 10:58 | Create | Villager (Male) |
| 10:59 | Create | Villager (Male) |
| 10:59 | Create | Villager (Male) |
| 11:00 | Create | Villager (Male) |
| 11:02 | Research | Town Watch |
| 11:09 | Create | Fishing Ship |
| 11:09 | Create | Fishing Ship |
| 11:12 | Research | Gillnets |
| 11:22 | Build | Dock |
| 11:29 | Create | Battle Elephant |
| 11:43 | Build | Stable |
| 11:47 | Create | Battle Elephant ×5 |
| 11:47 | Create | Battle Elephant ×5 |
| 11:47 | Create | Battle Elephant ×5 |
| 11:47 | Create | Battle Elephant ×5 |
| 12:01 | Research | Iron Casting |
| 12:03 | Create | Villager (Male) |
| 12:03 | Create | Villager (Male) |
| 12:04 | Create | Villager (Male) |
| 12:11 | Create | Villager (Male) |
| 12:20 | Build | Town Center |
| 12:24 | Create | Villager (Male) |
| 12:24 | Create | Villager (Male) |
| 12:36 | Build | Stable |
| 12:37 | Build | Stable |
| 12:41 | Create | Battle Elephant ×5 |
| 12:53 | Create | Villager (Male) |
| 13:12 | Build | University |
| 13:19 | Create | Battle Elephant ×2 |
| 13:24 | Build | House |
| 13:28 | Build | House |
| 13:29 | Build | House |
| 13:37 | Build | House |
| 13:37 | Build | House |
| 13:38 | Build | House |
| 13:39 | Build | House |
| 13:39 | Build | House |
| 13:40 | Build | House |
| 13:40 | Build | House |
| 13:41 | Build | House |
| 13:48 | Build | House |
| 13:48 | Build | House |
| 13:48 | Build | House |
| 13:49 | Build | House |
| 13:49 | Build | House |
| 13:49 | Build | House |
| 14:02 | Build | Monastery |
| 14:11 | Create | Battle Elephant ×3 |
| 14:11 | Create | Battle Elephant ×3 |
| 14:25 | Build | House |
| 14:25 | Build | House |
| 14:25 | Build | House |
| 14:26 | Build | House |
| 14:26 | Build | House |
| 14:27 | Build | House |
| 14:27 | Build | House |
| 14:28 | Build | House |
| 14:28 | Build | House |
| 14:28 | Build | House |
| 14:29 | Build | House |
| 14:29 | Build | House |
| 14:32 | Research | Imperial Age |
| 14:37 | Age | Imperial Age |
| 14:39 | Research | Elite Battle Elephant (upgrade) |
| 14:49 | Research | Blast Furnace |
| 15:10 | Build | Stable |
| 15:12 | Build | Stable |
| 15:15 | Create | Battle Elephant ×5 |
| 15:16 | Create | Battle Elephant ×2 |
| 15:18 | Create | Villager (Male) |
| 15:18 | Create | Villager (Male) |
| 15:18 | Create | Villager (Male) |
| 15:29 | Create | Fishing Ship |
| 15:30 | Create | Fishing Ship |
| 15:30 | Create | Fishing Ship |
Build order — Majorian
77 actions detected in the replay
| 0:16 | Build | House |
| 0:17 | Build | House |
| 0:37 | Create | Villager (Male) |
| 0:38 | Create | Villager (Male) |
| 1:49 | Build | Outpost |
| 1:58 | Create | Villager (Male) |
| 1:59 | Create | Villager (Male) |
| 2:37 | Build | Palisade Wall |
| 2:44 | Build | Palisade Wall |
| 2:55 | Build | Palisade Wall |
| 3:07 | Build | Mill |
| 3:21 | Build | Palisade Wall |
| 3:27 | Create | Villager (Male) |
| 3:27 | Create | Villager (Male) |
| 3:46 | Create | Villager (Male) |
| 4:01 | Build | Lumber Camp |
| 4:41 | Research | Loom |
| 4:43 | Create | Villager (Male) |
| 5:04 | Build | Palisade Wall |
| 5:47 | Create | Villager (Male) |
| 6:32 | Build | Barracks |
| 6:40 | Create | Villager (Male) |
| 7:08 | Build | House |
| 7:33 | Research | Feudal Age |
| 7:56 | Research | Loom |
| 8:01 | Create | Villager (Male) |
| 8:01 | Create | Villager (Male) |
| 9:03 | Build | Mill |
| 9:43 | Age | Feudal Age |
| 9:48 | Research | Wheelbarrow |
| 9:58 | Build | Blacksmith |
| 10:02 | Research | Double-Bit Axe |
| 10:40 | Build | Mining Camp |
| 10:53 | Create | Villager (Male) |
| 11:30 | Research | Gold Mining |
| 11:31 | Research | Stone Mining |
| 11:44 | Create | Villager (Male) |
| 12:07 | Create | Villager (Male) |
| 12:11 | Build | House |
| 12:12 | Build | House |
| 12:12 | Build | House |
| 12:13 | Build | House |
| 12:30 | Create | Villager (Male) |
| 12:39 | Build | Barracks |
| 12:51 | Build | Farm |
| 12:56 | Build | Farm |
| 13:54 | Build | Market |
| 14:01 | Research | Arson |
| 14:25 | Create | Villager (Male) |
| 14:25 | Create | Villager (Male) |
| 14:26 | Create | Villager (Male) |
| 14:31 | Create | Villager (Male) |
| 14:46 | Build | Barracks |
| 14:53 | Build | Farm |
| 15:18 | Build | Farm |
| 16:09 | Build | Farm |
| 16:10 | Research | Castle Age |
| 16:24 | Build | Watch Tower |
| 16:28 | Research | Forging |
| 16:29 | Research | Scale Mail Armor |
| 16:29 | Research | Fletching |
| 17:06 | Research | Town Watch |
| 17:35 | Research | Horse Collar |
| 18:11 | Create | Villager (Male) |
| 18:29 | Build | Archery Range |
| 18:50 | Age | Castle Age |
| 18:54 | Research | Hand Cart |
| 19:10 | Build | Town Center |
| 19:19 | Research | Bow Saw |
| 19:20 | Research | Bow Saw |
| 19:29 | Build | Siege Workshop |
| 19:33 | Create | Villager (Male) |
| 19:33 | Create | Villager (Male) |
| 20:05 | Build | Farm |
| 20:10 | Build | Farm |
| 20:11 | Build | Farm |
| 20:14 | Research | Bodkin Arrow |
Match timeline
| 0:07 | Kumad · first_building Barracks |
| 0:07 | Myriad · first_building Barracks |
| 0:15 | Bean goose · first_building Dock |
| 1:29 | xxlordtinchoxx · wall_segment Palisade Wall x14 |
| 2:05 | xxlordtinchoxx · wall_segment Palisade Wall x1 |
| 2:07 | xxlordtinchoxx · wall_segment Palisade Wall x1 |
| 2:08 | xxlordtinchoxx · wall_segment Palisade Wall x1 |
| 2:37 | Majorian · wall_segment Palisade Wall x11 |
| 2:44 | Majorian · wall_segment Palisade Wall x7 |
| 2:55 | Majorian · wall_segment Palisade Wall x1 |
| 3:16 | FPS Geo · age_up feudal |
| 3:21 | Majorian · wall_segment Palisade Wall x1 |
| 3:46 | noshoes · first_building Dock |
| 4:08 | Meursault005 · age_up feudal |
| 4:18 | Kumad · first_building Dock |
| 4:43 | Myriad · first_building Dock |
| 4:44 | Bean goose · age_up feudal |
| 5:04 | Majorian · wall_segment Palisade Wall x1 |
| 5:35 | Bean goose · first_market_sell 100 food |
| 5:35 | Bean goose · first_market_buy 100 wood |
| 5:36 | xxlordtinchoxx · age_up feudal |
| 5:37 | Bean goose · first_building Barracks |
| 5:56 | noshoes · age_up feudal |
| 6:32 | Majorian · first_building Barracks |
| 6:48 | Bean goose · first_building Archery Range |
| 6:57 | xxlordtinchoxx · wall_segment Stone Wall x7 |
| 6:59 | xxlordtinchoxx · wall_segment Stone Wall x6 |
| 7:04 | xxlordtinchoxx · wall_segment Stone Wall x1 |
| 7:13 | xxlordtinchoxx · age_up castle |
| 7:28 | xxlordtinchoxx · wall_segment Stone Wall x1 |
| 7:29 | xxlordtinchoxx · wall_segment Stone Wall x1 |
| 7:31 | xxlordtinchoxx · wall_segment Stone Wall x1 |
| 7:38 | Myriad · age_up feudal |
| 7:53 | Kumad · age_up feudal |
| 8:00 | xxlordtinchoxx · first_building Barracks |
| 8:14 | Meursault005 · age_up castle |
| 8:34 | FPS Geo · age_up castle |
| 8:38 | Meursault005 · first_market_buy 100 stone |
| 8:43 | xxlordtinchoxx · first_building Archery Range |
| 8:43 | Meursault005 · first_building Castle |
| 8:51 | Bean goose · first_building Stable |
| 8:54 | noshoes · first_building Barracks |
| 9:04 | Myriad · first_market_sell 100 food |
| 9:12 | noshoes · age_up castle |
| 9:13 | noshoes · first_market_buy 100 wood |
| 9:43 | Majorian · age_up feudal |
| 9:44 | Kumad · first_market_sell 100 food |
| 9:52 | noshoes · first_building Stable |
| 9:58 | FPS Geo · first_building Barracks |
| 10:13 | Bean goose · age_up castle |
| 10:33 | noshoes · first_market_sell 100 food |
| 11:44 | Myriad · age_up castle |
| 11:47 | xxlordtinchoxx · first_building Monastery |
| 11:53 | Meursault005 · first_market_sell 100 food |
| 12:03 | Myriad · first_building Monastery |
| 12:15 | xxlordtinchoxx · wall_segment Stone Wall x1 |
| 12:17 | xxlordtinchoxx · wall_segment Stone Wall x8 |
| 12:19 | FPS Geo · first_market_buy 100 wood |
| 12:19 | xxlordtinchoxx · wall_segment Stone Wall x5 |
| 12:24 | FPS Geo · first_market_sell 100 food |
| 12:26 | Kumad · age_up castle |
| 12:34 | FPS Geo · first_building Siege Workshop |
| 12:35 | xxlordtinchoxx · wall_segment Stone Wall x1 |
| 12:36 | xxlordtinchoxx · wall_segment Stone Wall x1 |
| 12:45 | Bean goose · first_building Siege Workshop |
| 12:52 | Kumad · first_market_buy 100 stone |
| 13:22 | Meursault005 · first_building Barracks |
| 13:27 | Bean goose · first_building Monastery |
| 13:39 | xxlordtinchoxx · age_up imperial |
| 13:52 | FPS Geo · first_building Castle |
| 14:00 | Meursault005 · age_up imperial |
| 14:02 | noshoes · first_building Monastery |
| 14:02 | Meursault005 · first_building Monastery |
| 14:27 | Meursault005 · first_building Stable |
| 14:33 | Bean goose · first_building Castle |
| 14:37 | noshoes · age_up imperial |
| 14:38 | xxlordtinchoxx · first_market_buy 100 stone |
| 14:59 | Myriad · tribute_sent a jugador 1 |
| 14:59 | Myriad · tribute_sent a jugador 3 |
| 14:59 | Myriad · tribute_sent a jugador 4 |
| 14:59 | Myriad · tribute_sent a jugador 5 |
| 14:59 | Myriad · tribute_sent a jugador 6 |
| 14:59 | Myriad · tribute_sent a jugador 7 |
| 14:59 | Myriad · tribute_sent a jugador 8 |
| 15:41 | Majorian · first_market_buy 100 food |
| 15:43 | Majorian · first_market_sell 100 wood |
| 15:47 | FPS Geo · age_up imperial |
| 16:16 | Myriad · age_up imperial |
| 16:19 | Myriad · first_market_buy 500 stone |
| 16:25 | Kumad · first_building Monastery |
| 16:39 | Myriad · first_building Castle |
| 17:27 | Kumad · wall_segment Stone Wall x1 |
| 17:32 | Kumad · wall_segment Stone Wall x1 |
| 17:44 | Bean goose · age_up imperial |
| 17:45 | Kumad · wall_segment Stone Wall x1 |
| 18:29 | Majorian · first_building Archery Range |
| 18:50 | Majorian · age_up castle |
| 18:55 | Meursault005 · first_building Archery Range |
| 19:29 | Majorian · first_building Siege Workshop |
| 20:25 | xxlordtinchoxx · first_building Castle |
| 20:28 | Kumad · wall_segment Stone Wall x4 |
| 20:29 | Kumad · wall_segment Stone Wall x6 |
| 20:31 | Kumad · wall_segment Stone Wall x4 |
| 20:35 | Myriad · wall_segment Stone Wall x6 |
| 20:45 | Kumad · age_up imperial |
| 20:48 | Majorian · resign |
| 21:30 | noshoes · first_building Castle |
| 21:51 | Myriad · first_building Archery Range |
| 22:46 | Kumad · first_building Castle |
| 23:10 | Kumad · wall_segment Stone Wall x4 |
| 23:11 | Kumad · wall_segment Stone Wall x4 |
| 23:13 | Kumad · wall_segment Stone Wall x5 |
| 23:15 | Kumad · wall_segment Stone Wall x5 |
| 23:44 | Myriad · wall_segment Stone Wall x2 |
| 24:13 | Bean goose · wall_segment Stone Wall x5 |
| 24:16 | Bean goose · wall_segment Stone Wall x18 |
| 24:22 | Bean goose · wall_segment Stone Wall x5 |
| 24:23 | Bean goose · wall_segment Stone Wall x7 |
| 24:25 | Bean goose · wall_segment Stone Wall x1 |
| 24:48 | Bean goose · wall_segment Stone Wall x4 |
| 24:50 | Bean goose · wall_segment Stone Wall x8 |
| 24:51 | Bean goose · wall_segment Stone Wall x16 |
| 27:07 | Bean goose · wall_segment Stone Wall x19 |
| 27:08 | Bean goose · wall_segment Stone Wall x2 |
| 27:54 | FPS Geo · first_building Archery Range |
| 28:24 | Bean goose · wall_segment Stone Wall x15 |
| 29:43 | xxlordtinchoxx · first_building Siege Workshop |
| 29:43 | Bean goose · wall_segment Stone Wall x11 |
| 30:00 | xxlordtinchoxx · first_market_sell 500 wood |
| 33:08 | noshoes · first_building Archery Range |
| 33:24 | Meursault005 · first_building Dock |
| 35:37 | Myriad · wall_segment Stone Wall x1 |
| 36:09 | Myriad · first_building Stable |
| 39:51 | FPS Geo · first_building Dock |
| 41:01 | Meursault005 · first_building Siege Workshop |
[ AI ANALYSIS · 1 CREDIT ]
What really happened in this match?
Wolo.gg analyzes every decision: build order, eco, micro, common mistakes by bracket. Personalized analysis on WhatsApp or Discord in 30 seconds.
Civ guide
Saracens
Map guide
Wet Woods v3.0.3 (Custom)
Perfil
Jugador #2111578